 Dungeon Crawl Stone Soup version 0.28-b1-1-g3c77fb2ed1 (webtiles) character file.

Game seed: 6170169364484145392

175975 boopmooplesden the Bludgeoner (level 17, -2/163 HPs)
             Began as a Minotaur Fighter on Jan 28, 2022.
             Was a High Priest of Okawaru.
             Slain by a death scarab (15 damage)
             ... on level 4 of the Spider Nest on Jan 29, 2022.
             The game lasted 01:06:42 (34217 turns).

boopmooplesden the Bludgeoner (Minotaur Fighter)   Turns: 34217, Time: 01:06:42

Health: -2/163     AC: 34    Str: 27      XL:     17   Next: 49%
Magic:  12/18      EV: 16    Int: 19 (20) God:    Okawaru [*****.]
Gold:   1641       SH: 16    Dex: 14 (15) Spells: 16/16 levels left

rFire   . . .      SeeInvis .   V - +7 demon whip "Essoabas" {vorpal, Dex+2}
rCold   . . .      Faith    .   b - +0 kite shield of the Armadillo {rElec Int+4}
rNeg    . . .      Spirit   .   D - +3 plate armour {rPois}
rPois   +          Reflect  .   s - +2 hat
rElec   +          Harm     .   p - +0 cloak
rCorr   +          Rampage  .   N - +2 pair of gloves
Will    ++...                   o - +3 pair of boots "Gaconlos" {Will+}
Stlth   ..........              B - amulet of Rurheo {Acrobat rElec}
HPRegen 0.37/turn               d - +6 ring of intelligence
MPRegen 0.16/turn               T - ring "Qyapu" {rCorr Int+3 Dex+3 Slay+2}

@: about to teleport, heroic, slowed, very slow
A: horns 2, retaliatory headbutt
a: Renounce Religion, Heroism, Finesse, Duel


You were on level 4 of the Spider Nest.
You worshipped Okawaru.
Okawaru was extremely pleased with you.
You visited 5 branches of the dungeon, and saw 28 of its levels.
You also visited: Sewer and Gauntlet.

You collected 3372 gold pieces.
You spent 1731 gold pieces at shops.

Inventory:

Hand Weapons
 a - the +8 dire flail of a Million Souls {holy, *Slow rF+++ MP+9 Dex+4}
   (You found it in a Gauntlet)

   It has been blessed by the Shining One to cause great damage to the undead
   and demons.
   Dex:       It affects your dexterity (+4).
   rF:        It renders you almost immune to fire.
   MP:        It affects your magic capacity (+9).
   *Slow:     It may slow you when you take damage.
 k - the +6 great sword of Uncertain Death {vamp, rCorr Int+4 Stlth-}
   (You bought it in a shop on level 15 of the Dungeon)

   It occasionally heals its wielder for a portion of the damage dealt when it
   wounds a living foe.
   Int:       It affects your intelligence (+4).
   rCorr:     It protects you from acid and corrosion.
   Stlth:     It makes you less stealthy.
 E - a +4 demon whip of venom
 V - the +7 demon whip "Essoabas" (weapon) {vorpal, Dex+2}
   (You acquired it on level 3 of the Lair of Beasts)

   It inflicts extra damage upon your enemies.
   Dex:       It affects your dexterity (+2).
 Z - the +6 quarterstaff "Plog" {holy, Fly Int-2 Dex+3}
   (Okawaru gifted it to you in a Gauntlet)

   It has been blessed by the Shining One to cause great damage to the undead
   and demons.
   Int:       It affects your intelligence (-2).
   Dex:       It affects your dexterity (+3).
   Fly:       It grants you flight.
Missiles
 K - 3 throwing nets (quivered)
 U - 21 javelins
Armour
 b - the +0 kite shield of the Armadillo (worn) {rElec Int+4}
   (You acquired it on level 3 of the Lair of Beasts)

   Int:       It affects your intelligence (+4).
   rElec:     It insulates you from electricity.
 e - the +1 scale mail "Wiwnum" {Contam rCorr MP+9 Dex+6}
   (You found it on level 2 of the Spider Nest)

   Dex:       It affects your dexterity (+6).
   MP:        It affects your magic capacity (+9).
   Contam:    It causes magical contamination when unequipped.
   rCorr:     It protects you from acid and corrosion.
 o - the +3 pair of boots "Gaconlos" (worn) {Will+}
   (Okawaru gifted it to you on level 6 of the Lair of Beasts)

   Will:      It increases your willpower.
 p - a +0 cloak (worn)
 s - a +2 hat (worn)
 D - a +3 plate armour of poison resistance (worn)
 J - the +5 ring mail "Dauxt" {Int+3 Slay+5}
   (You found it on level 9 of the Dungeon)

   Int:       It affects your intelligence (+3).
   Slay:      It affects your accuracy & damage with ranged weapons and melee
   (+5).
 L - a +1 pair of boots of stealth
 N - a +2 pair of gloves (worn)
 S - a +0 kite shield of reflection
Jewellery
 d - a +6 ring of intelligence (left hand)
 m - a ring of resist corrosion
 B - the amulet of Rurheo (around neck) {Acrobat rElec}
   (You found it on level 6 of the Lair of Beasts)

   [amulet of the acrobat]

   It increases your evasion while moving and waiting.
   rElec:     It insulates you from electricity.
 F - the amulet "Kiyn" {Acrobat *Corrode rN+ Int+3}
   (You bought it in a shop on level 1 of the Orcish Mines)

   [amulet of the acrobat]

   It increases your evasion while moving and waiting.
   Int:       It affects your intelligence (+3).
   rN:        It protects you from negative energy.
   *Corrode:  It may corrode you when you take damage.
 I - a ring of fire
 Q - a ring of positive energy
 T - the ring "Qyapu" (right hand) {rCorr Int+3 Dex+3 Slay+2}
   (You acquired it on level 3 of the Lair of Beasts)

   [ring of resist corrosion]

   Int:       It affects your intelligence (+3).
   Dex:       It affects your dexterity (+3).
   Slay:      It affects your accuracy & damage with ranged weapons and melee
   (+2).
   rCorr:     It protects you from acid and corrosion.
 X - an amulet of guardian spirit
 Y - an amulet of reflection
Wands
 w - a wand of mindburst (42)
 y - a wand of iceblast (25)
 A - a wand of paralysis (6)
 H - a wand of acid (18)
 M - a wand of flame (48)
Scrolls
 f - a scroll of silence
 j - 5 scrolls of blinking
 l - 3 scrolls of magic mapping
 q - 10 scrolls of teleportation
 r - 7 scrolls of identify
 P - a scroll of holy word
Potions
 h - 3 potions of haste
 i - 4 potions of brilliance
 n - 10 potions of curing
 t - 2 potions of ambrosia
 u - 3 potions of magic
 v - 7 potions of mutation
 x - 7 potions of flight
 z - 6 potions of invisibility
 C - 5 potions of cancellation
 G - 2 potions of berserk rage
 O - 4 potions of might
 R - 2 potions of heal wounds
Miscellaneous
 c - a phial of floods
 g - a condenser vane
 W - a lightning rod (4/4)


   Skills:
 + Level 17.9(22.9) Fighting
 + Level 18.6(23.6) Maces & Flails
 + Level 1.7(6.7) Throwing
 + Level 14.7(19.7) Armour
 + Level 13.7(18.7) Dodging
 + Level 5.8(10.8) Stealth
 + Level 18.6(23.6) Shields
 + Level 3.8 Invocations


You had 16 spell levels left.
You didn't know any spells.
Your spell library contained the following spells:

 Spells                   Type           Power      Damage    Failure   Level
 Magic Dart               Conj           0%         1d3       75%         1
 Blink                    Tloc           0%         N/A       86%         2
 Ensorcelled Hibernation  Hex/Ice        0%         N/A       86%         2
 Ignite Poison            Fire/Tmut/Pois 0%         N/A       98%         3
 Lesser Beckoning         Tloc           0%         N/A       98%         3
 Mephitic Cloud           Conj/Pois/Air  0%         N/A       98%         3
 Portal Projectile        Hex/Tloc       0%         N/A       98%         3
 Spider Form              Tmut/Pois      0%         N/A       98%         3
 Airstrike                Air            0%         N/A       100%        4
 Anguish                  Hex/Necr       0%         N/A       100%        4
 Leda's Liquefaction      Hex/Erth       0%         N/A       100%        4
 Freezing Cloud           Conj/Ice/Air   0%         6-21      100%        5
 Lightning Bolt           Conj/Air       0%         1d11      100%        5
 Manifold Assault         Tloc           0%         N/A       100%        5
 Silence                  Hex/Air        0%         N/A       100%        5
 Conjure Ball Lightning   Conj/Air       0%         3x3d6     100%        6
 Eringya's Noxious Bog    Tmut/Pois      0%         N/A       100%        6
 Discord                  Hex            0%         N/A       100%        8
 Disjunction              Tloc           0%         N/A       100%        8
 Summon Small Mammal      Summ           Unusable   N/A       N/A         1
 Call Imp                 Summ           Unusable   N/A       N/A         2
 Call Canine Familiar     Summ           Unusable   N/A       N/A         3
 Summon Guardian Golem    Hex/Summ       Unusable   N/A       N/A         3
 Summon Lightning Spire   Summ/Air       Unusable   N/A       N/A         4
 Summon Forest            Summ/Tloc      Unusable   N/A       N/A         5
 Summon Hydra             Summ           Unusable   N/A       N/A         7

Dungeon Overview and Level Annotations

Branches:
Dungeon (15/15)            Temple (1/1) D:6            Lair (6/6) D:9
 Shoals (0/4) Lair:3       Spider (4/4) Lair:2        Slime (0/5) Lair:5
    Orc (2/2) D:9             Elf (0/3) Orc:2        Vaults (0/5) D:13
 Depths (0/4) D:15          Sewer (visited)         Gauntlet (visited)

Altars:
Okawaru
Yredelemnul
The Shining One
Beogh
Jiyva

Shops:
D:6 [   D:15 (**![   Orc:1 =   Orc:2 [(:*

Portals:
Trove: D:11 (give +4 storm dragon scales)


Innate Abilities, Weirdness & Mutations

You have a pair of horns on your head.
You reflexively headbutt those who attack you in melee.


Message History

The death scarab draws strength from your injuries!
The demonic crawler shrieks in warning!
You block the death scarab's attack.
Your unstable footing causes you to fumble your attack.
You block the death scarab's attack.
The death scarab bites you but does no damage.
You block the death scarab's attack.
An orb spider comes into view.
The demonic crawler shrieks in warning!
Your unstable footing causes you to fumble your attack.
The death scarab misses you. You furiously retaliate!
You headbutt the death scarab, but do no damage.
The death scarab splashes around in the water.
You block the death scarab's attack.
The death scarab bites you but does no damage.
You block the death scarab's attack.
The orb spider pulsates with a strange energy.
The death scarab bites you!
* * * LOW HITPOINT WARNING * * *
The death scarab drains your vigour!
You feel as though you will be slow longer.
The death scarab draws strength from your injuries!
As you read the scroll of teleportation, it crumbles to dust.
You feel strangely unstable.
The death scarab bites you but does no damage. x2
You block the death scarab's attack. x2; The death scarab barely misses you.
The death scarab bites you but does no damage.
The death scarab splashes around in the water.
The orb spider weaves a glowing orb of energy.
An orb of destruction comes into view.
You whack the death scarab!
You destroy the death scarab!
Okawaru accepts your kill. You block the death scarab's attack.
The death scarab splashes around in the water.
The death scarab bites you!!
* * * LOW HITPOINT WARNING * * *
The death scarab draws strength from your injuries!
The death scarab bites you!
You die...

#.≈≈...#...^..#.≈≈≈≈#≈^..
#.≈≈#.###################
#..≈≈.#.....#...........#
#..≈≈.#.#......^......#.#
#..≈≈.#.......s^#.Z.....#
##.≈≈.#≈Z..##########...#
#..≈≈≈#ZsZZ# $^... #...#
#.≈≈≈≈ZBBBB# ...Z..#...#
#.≈≈#≈##@### [...BZ'Z.##
#.≈≈≈≈≈≈≈≈^# .!.Z.ZsZ..#
#..≈≈≈≈≈≈..# $.^^.Z'...#
#..≈≈≈≈≈≈≈≈# .[....'..^#
#..#≈≈≈#≈### !....^'...#
#..≈≈*#≈≈≈## ^.....#...#
#^..≈○#≈≈.(# !^...^#..^#
#^...s#≈..^##########...#
#...#.#........#^.......#


You could see a demonic crawler, 2 spectral tarantellas, a spectral redback, an
orb spider, 4 death scarabs and 2 tarantella zombies.

Vanquished Creatures
  The ghost of Zosacw the Slingshot, an adept HaHu of Okawaru (Spider:2)
  Frances (Spider:2)
  Kirke (D:13)
  Donald (Orc:2)
  2 emperor scorpions (Spider:4)
  4 ghost moths
  Aizul (Spider:2)
  A broodmother (Spider:4)
  Nessos (D:13)
  The ghost of DemonSlayer the Eclecticist, a journeyman DECj of Sif Muna (Lair:5)
  2 entropy weavers
  3 spark wasps
  2 minotaurs
  A dire elephant (D:15)
  2 fire dragons
  7 hydras
  Fannar (D:10)
  5 boulder beetles
  3 centaur warriors
  3 jorogumos
  A death knight (D:13)
  9 death yaks
  2 radroaches (Spider:4)
  2 catoblepae
  2 dancing weapons (D:13)
  5 two-headed ogres
  A deep troll shaman (Lair:6)
  3 death scarabs (Spider:4)
  An orc high priest (Orc:1)
  Urug (D:13)
  5 skeletal warriors
  A sun moth (Spider:1)
  5 pharaoh ants
  4 steelbarb worms
  4 orb spiders (Spider:4)
  A phantasmal warrior (D:13)
  3 orc knights (Orc:1)
  A wolf spider zombie (Spider:4)
  A wizard (D:14)
  A deep elf pyromancer (D:11)
  5 cyclopes
  4 moths of wrath
  6 manticores
  10 orc sorcerers
  20 ugly things
  24 wolf spiders
  Maurice (D:12)
  A salamander (D:15)
  12 elephants
  Joseph (D:9)
  12 black mambas
  5 gargoyles
  13 cane toads
  15 rime drakes
  4 torpor snails
  An efreet (D:15)
  A freezing wraith (D:13)
  17 demonic crawlers
  12 komodo dragons
  A rime drake (shapeshifter) (D:13)
  A polar bear (Lair:5)
  4 trolls
  3 meliai (Spider:4)
  A wind drake (shapeshifter) (D:14)
  A spectral culicivora (Spider:4)
  5 slime creatures
  2 hornets (Lair:5)
  24 tarantellas
  29 blink frogs
  A tarantella zombie (Spider:4)
  A jumping spider zombie (Spider:4)
  12 dream sheep
  Sigmund (D:2)
  28 jumping spiders
  27 culicivoras
  2 water elementals (D:12)
  A shadow (D:12)
  2 wraiths
  7 wyverns
  A basilisk (shapeshifter) (D:14)
  A vampire (D:11)
  3 hogs (D:13)
  10 spriggans (Lair:5)
  58 yaks
  3 humans (D:13)
  8 steam dragons (Lair:4)
  48 redbacks
  4 vampire mosquitoes (D:14)
  3 basilisks
  5 large abominations (Gauntlet)
  11 wargs
  20 water moccasins
  3 acid dragons
  A sky beast (D:5)
  A hornet zombie (D:4)
  A necrophage (D:5)
  24 orc warriors
  7 black bears
  An ice beast (D:8)
  4 ogres
  22 wolves
  2 boggarts (Lair:5)
  10 centaurs
  5 phantoms
  14 kobold brigands
  16 bullfrogs
  8 small abominations (Gauntlet)
  2 scorpions (D:5)
  2 water moccasin zombies
  A gnoll sergeant (D:6)
  A troll zombie (D:9)
  7 wights
  An electric eel (D:12)
  16 killer bees
  5 howler monkeys
  4 centaur zombies
  2 hounds
  2 jellies
  A gnoll shaman (D:5)
  9 orc priests
  A centaur skeleton (D:5)
  A bullfrog skeleton (D:5)
  5 iguanas
  Ijyb (D:5)
  36 orc wizards
  7 hell rats (Lair:2)
  5 ogre zombies (D:9)
  A howler monkey zombie (D:8)
  13 adders
  7 gnolls
  A river rat (Sewer)
  A white imp (D:8)
  An ufetubus (D:7)
  5 worms
  A dart slug (D:3)
  72 orcs
  4 bats
  9 endoplasms
  5 giant cockroaches
  8 goblins
  6 hobgoblins
  8 jackals (D:1)
  5 quokkas
  5 ball pythons
  2 frilled lizards
  A goblin skeleton (D:9)
  2 goblin zombies (D:9)
  2 hobgoblin skeletons (D:9)
  3 hobgoblin zombies (D:9)
  29 kobolds
  An orc skeleton (D:9)
  10 orc zombies (D:9)
  9 rats
1027 creatures vanquished.

Vanquished Creatures (others)
  2 humans (D:13)
  2 orc wizards (Orc:2)
  An orc (Orc:2)
  20 fungi
  20 plants
45 creatures vanquished.

Grand Total: 1072 creatures vanquished

Notes
Turn   | Place    | Note
-------+----------+-------------------------------------------
     0 | D:1      | boopmooplesden the Minotaur Fighter began the quest for the
                  | Orb.
     0 | D:1      | Reached XP level 1. HP: 19/19 MP: 0/0
   275 | D:1      | Reached XP level 2. HP: 27/27 MP: 1/1
   411 | D:1      | Found a faded altar of an unknown god.
   565 | D:1      | Reached XP level 3. HP: 33/33 MP: 2/2
  1140 | D:2      | Reached skill level 1 in Dodging
  1468 | D:2      | Noticed Sigmund
  1488 | D:2      | Killed Sigmund
  1489 | D:2      | Reached XP level 4. HP: 35/41 MP: 3/3
  1489 | D:2      | Reached XP level 5. HP: 41/47 MP: 4/4
  1584 | D:2      | Reached skill level 5 in Armour
  1963 | D:3      | Reached XP level 6. HP: 43/53 MP: 5/5
  2382 | D:4      | Reached skill level 5 in Maces & Flails
  2443 | D:4      | Identified the +3 leather armour of Elokhliawi {*Corrode
                  | rElec SInv Stlth+}
  2566 | D:4      | Reached skill level 5 in Fighting
  2744 | D:4      | Reached XP level 7. HP: 56/61 MP: 6/6
  2870 | D:5      | Entered Level 5 of the Dungeon
  2978 | D:5      | Noticed Ijyb
  3014 | D:5      | Killed Ijyb
  3068 | D:5      | Reached skill level 5 in Shields
  3068 | D:5      | Reached XP level 8. HP: 22/70 MP: 7/7
  4348 | D:6      | Found a staircase to the Ecumenical Temple.
  4357 | Temple   | Entered the Ecumenical Temple
  4367 | Temple   | Became a worshipper of Warmaster Okawaru
  4757 | D:6      | Found a glowing drain.
  4766 | Sewer    | Entered a sewer
  5393 | Sewer    | Reached XP level 9. HP: 64/78 MP: 8/8
  5655 | Sewer    | Reached * piety under Okawaru
  6084 | D:6      | Reached skill level 1 in Stealth
  6429 | D:6      | Found Vunoupeu's Antique Armour Emporium.
  6434 | D:6      | Bought a distressingly furry scale mail for 216 gold pieces
  6434 | D:6      | Identified the +1 scale mail "Damnable Contraption" {Harm
                  | rElec} (You bought it in a shop on level 6 of the Dungeon)
  7493 | D:8      | Noticed a two-headed ogre
  7505 | D:8      | Killed a two-headed ogre
  7505 | D:8      | Reached ** piety under Okawaru
  7506 | D:8      | Reached skill level 10 in Maces & Flails
  7506 | D:8      | Reached skill level 5 in Dodging
  7770 | D:8      | Reached XP level 10. HP: 88/88 MP: 9/9
  8237 | D:8      | Found a glowing golden altar of the Shining One.
  9092 | D:9      | Identified the +5 ring mail "Dauxt" {Int+3 Slay+5}
  9105 | D:9      | Found a staircase to the Orcish Mines.
  9172 | D:9      | Reached *** piety under Okawaru
  9236 | D:9      | Noticed Joseph
  9265 | D:9      | Killed Joseph
  9343 | D:9      | Found a staircase to the Lair.
  9452 | D:9      | Reached skill level 1 in Invocations
  9696 | D:9      | Noticed a cyclops
  9703 | D:9      | Killed a cyclops
  9703 | D:9      | Reached **** piety under Okawaru
  9704 | D:9      | Reached skill level 10 in Armour
 10040 | D:10     | Entered Level 10 of the Dungeon
 10042 | D:10     | Noticed a two-headed ogre
 10044 | D:10     | Noticed Fannar
 10058 | D:10     | Killed a two-headed ogre
 10059 | D:10     | Reached XP level 11. HP: 73/97 MP: 8/11
 10116 | D:10     | HP: 3/97 [Fannar/refrigeration (30)]
 10255 | D:10     | Killed Fannar
 10815 | D:10     | Noticed a two-headed ogre
 10826 | D:10     | Killed a two-headed ogre
 11079 | Lair:1   | Entered Level 1 of the Lair of Beasts
 11088 | Lair:1   | Reached skill level 1 in Throwing
 11128 | Lair:1   | Reached ***** piety under Okawaru
 11556 | Lair:1   | Reached skill level 10 in Fighting
 12310 | Lair:2   | Noticed a five-headed hydra
 12317 | Lair:2   | Killed a five-headed hydra
 12317 | Lair:2   | Received a gift from Okawaru
 12318 | Lair:2   | Reached XP level 12. HP: 108/108 MP: 9/12
 12563 | Lair:2   | Found a hole to the Spider Nest.
 13086 | Lair:3   | Reached skill level 10 in Dodging
 13309 | Lair:3   | Found a staircase to the Shoals.
 13851 | Lair:3   | Identified 3 scrolls of acquirement
 13851 | Lair:3   | Acquired the +7 demon whip "Essoabas" {vorpal, Dex+2}
 13857 | Lair:3   | Acquired the ring "Qyapu" {rCorr Int+3 Dex+3 Slay+2}
 13882 | Lair:3   | Acquired the +0 kite shield of the Armadillo {rElec Int+4}
 14057 | Lair:4   | Reached skill level 10 in Shields
 14180 | Lair:4   | Reached ****** piety under Okawaru
 14214 | Lair:4   | Received a gift from Okawaru
 14215 | Lair:4   | Reached XP level 13. HP: 71/117 MP: 13/13
 14378 | Lair:4   | Noticed a fire dragon
 14690 | Lair:4   | Killed a fire dragon
 15301 | Lair:5   | Found a viscous altar of Jiyva.
 15308 | Lair:5   | Found a staircase to the Slime Pits.
 15325 | Lair:5   | Noticed a minotaur
 15326 | Lair:5   | Noticed DemonSlayer's ghost (journeyman DECj)
 15346 | Lair:5   | Found a runed translucent gate.
 15346 | Lair:5   | Found a runed translucent gate.
 15346 | Lair:5   | Found a runed translucent gate.
 15362 | Lair:5   | Killed a minotaur
 15362 | Lair:5   | Received a gift from Okawaru
 15381 | Lair:5   | Killed DemonSlayer's ghost
 15492 | Lair:5   | Found a gate leading to a gauntlet.
 15501 | Gauntlet | Entered a Gauntlet
 15501 | Gauntlet | Found a transporter.
 15501 | Gauntlet | Found a transporter.
 15502 | Gauntlet | Found a transporter.
 15505 | Gauntlet | Found a transporter.
 15505 | Gauntlet | Found a transporter.
 15506 | Gauntlet | Found a transporter.
 15516 | Gauntlet | Found a transporter.
 15520 | Gauntlet | Found a transporter.
 15528 | Gauntlet | Found a transporter.
 15528 | Gauntlet | Found a transporter.
 15531 | Gauntlet | Found a transporter.
 15531 | Gauntlet | Found a transporter.
 15907 | Gauntlet | Noticed a minotaur
 15927 | Gauntlet | Killed a minotaur
 15927 | Gauntlet | Identified the +6 quarterstaff "Plog" {holy, Fly Int-2
                  | Dex+3} (Okawaru gifted it to you in a Gauntlet)
 15927 | Gauntlet | Received a gift from Okawaru
 15948 | Gauntlet | Identified the +0 kite shield of the Moon Troll {Dex+3}
 15948 | Gauntlet | Identified the +8 dire flail of a Million Souls {holy,
                  | *Slow rF+++ MP+9 Dex+4}
 16050 | Lair:5   | Reached skill level 15 in Maces & Flails
 16213 | Lair:5   | Reached XP level 14. HP: 129/129 MP: 15/15
 16494 | Lair:5   | Received a gift from Okawaru
 16917 | Lair:6   | Entered Level 6 of the Lair of Beasts
 16923 | Lair:6   | Found a basalt altar of Yredelemnul.
 17165 | Lair:6   | Identified the +3 pair of boots "Gaconlos" {Will+} (Okawaru
                  | gifted it to you on level 6 of the Lair of Beasts)
 17165 | Lair:6   | Received a gift from Okawaru
 17818 | Lair:6   | Reached skill level 5 in Stealth
 17863 | Lair:6   | Identified the amulet of Rurheo {Acrobat rElec}
 18346 | D:11     | Got the Grimoire of the Birds
 18651 | D:11     | Found a portal to a secret trove of treasure.
 19007 | D:11     | Reached XP level 15. HP: 128/139 MP: 16/16
 19309 | D:12     | Noticed Maurice
 19318 | D:12     | Killed Maurice
 19509 | D:12     | Identified the +0 scale mail of Honour {rC- Int+3 Dex+7}
                  | (Okawaru gifted it to you on level 12 of the Dungeon)
 19509 | D:12     | Received a gift from Okawaru
 19993 | D:12     | Reached skill level 15 in Fighting
 20764 | D:13     | Noticed Urug
 20772 | D:13     | Killed Urug
 20825 | D:13     | Noticed Kirke
 20838 | D:13     | Killed Kirke
 20842 | D:13     | Noticed Nessos
 20861 | D:13     | Found a gate to the Vaults.
 20867 | D:13     | Killed Nessos
 21747 | D:14     | Reached skill level 15 in Shields
 21791 | D:14     | Identified the +3 ring mail of Voim {rF+ Stlth+} (Okawaru
                  | gifted it to you on level 14 of the Dungeon)
 21791 | D:14     | Received a gift from Okawaru
 22774 | D:15     | Entered Level 15 of the Dungeon
 22774 | D:15     | Found Lopoly's General Store.
 22802 | D:15     | Found Loil's Weapon Emporium.
 22994 | D:15     | Found Ziurgh's Distillery.
 23098 | D:15     | Found Paninef's Assorted Antiques.
 23106 | D:15     | Bought a twisted great sword for 299 gold pieces
 23106 | D:15     | Identified the +6 great sword of Uncertain Death {vamp,
                  | rCorr Int+4 Stlth-} (You bought it in a shop on level 15 of
                  | the Dungeon)
 23240 | D:15     | Found a staircase to the Depths.
 23466 | D:15     | Found Kiggip's Armour Shoppe.
 23473 | D:15     | Bought a +3 plate armour of poison resistance for 630 gold
                  | pieces
 23645 | Orc:1    | Entered Level 1 of the Orcish Mines
 24473 | Orc:1    | Found Beuz's Jewellery Emporium.
 24476 | Orc:1    | Bought the amulet "Kiyn" {Acrobat *Corrode rN+ Int+3} for
                  | 586 gold pieces
 24570 | Orc:2    | Entered Level 2 of the Orcish Mines
 24626 | Orc:2    | Found a staircase to the Elven Halls.
 24703 | Orc:2    | Reached XP level 16. HP: 151/151 MP: 17/17
 24818 | Orc:2    | Noticed Donald
 24833 | Orc:2    | Killed Donald
 25137 | Orc:2    | Found Riahig's Armour Emporium.
 25214 | Orc:2    | Found Ituteh's Weapon Shop.
 25297 | Orc:2    | Found Elaamap's Book Emporium.
 25386 | Orc:2    | Found Biusah's Assorted Antiques.
 26540 | Spider:1 | Entered Level 1 of the Spider Nest
 26639 | Spider:1 | Received a gift from Okawaru
 26793 | Spider:1 | Received a gift from Okawaru
 27613 | Spider:1 | Received a gift from Okawaru
 27943 | Spider:2 | Noticed Frances
 27960 | Spider:2 | Killed Frances
 28358 | Spider:2 | Noticed Aizul
 28380 | Spider:2 | Killed Aizul
 28644 | Spider:2 | Identified the +1 scale mail "Wiwnum" {Contam rCorr MP+9
                  | Dex+6}
 28796 | Spider:2 | Found a runed translucent door.
 28796 | Spider:2 | Noticed Zosacw's ghost (adept HaHu)
 28860 | Spider:2 | Killed Zosacw's ghost
 29034 | Spider:2 | Identified the +1 ring mail of the Equinox {Int+4} (Okawaru
                  | gifted it to you on level 2 of the Spider Nest)
 29034 | Spider:2 | Received a gift from Okawaru
 31464 | Spider:3 | Reached XP level 17. HP: 159/161 MP: 18/18
 31920 | Spider:4 | Entered Level 4 of the Spider Nest
 32511 | Spider:4 | Received a gift from Okawaru
 33109 | Spider:4 | Received a gift from Okawaru
 34217 | Spider:4 | Slain by a death scarab

Illustrated notes

Levels and vault maps discovered:
D:1:      ebering_trefoil_twist, layout_loops_cross,
          hellmonk_ecumenical_altar_blasted, grunt_decor_one_mirror,
          minmay_misc_feat_encased, nicolae_concentric_dashed_squares_mild
D:2:      layout_basic, uniq_sigmund
D:3:      layout_loops_cross
D:4:      layout_gridville
D:5:      layout_loops_ring, uniq_ijyb
D:6:      layout_loops_corners, minmay_temple_entry_trees, serial_shops,
          kennysheep_little_box, cheibrodos_sewer_entry_drain, feat_on_display
D:7:      layout_basic
D:8:      layout_basic, tso_oasis_becter
D:9:      layout_loops_ring, erik_lair_orcish_takeover, zombieorc1_lemuel,
          uniq_joseph
D:10:     layout_cave_pods, uniq_fannar
D:11:     layout_irregular_city, enter_trove_3
D:12:     layout_layer_cave, minivault_14, grunt_decor_fettered,
          serial_bayou_pond_d, uniq_maurice
D:13:     layout_loops_ring, erik_vaults_1, nrook_uturn,
          nicolae_concentric_dashed_squares_wild, grunt_livestock, uniq_urug,
          uniq_nessos, uniq_kirke
D:14:     layout_long_grid, kennysheep_generic_room_5
D:15:     hangedman_depths_entry_try_elsewhere_first, layout_rooms,
          chequers_serial_rivers_small_a, serial_shops, shop,
          nicolae_diamond_shop, nicolae_shop_stone, nicolae_square_shop,
          nicolae_lakefront_shop, lemuel_another_geyser
Temple:   mainiacjoe_temple_hex_bubbles
Lair:1:   layout_cave_shapes, grunt_megastairs_2, lemuel_fruit_fields,
          lemuel_fruit_fields
Lair:2:   layout_roguey, hellmonk_spider_entry_life_and_decay
Lair:3:   layout_cave_pods, elwin_shoals_entry_rooms, serial_bayou,
          serial_bayou_pond_d, serial_bayou_pond_b, serial_bayou_shore_b,
          serial_bayou_shore_b, chequers_serial_rivers_micro_a,
          serial_bayou_shore_a, grunt_megastairs_5
Lair:4:   layout_cave_pods, bobbens_dragon_lair_wall
Lair:5:   kb_forest_paths, layout_hall_layers, slime_altar_1,
          maelrawn_ghost_gauntlet_escape, gauntlet_entry_generic,
          minmay_lindwurm_lava
Lair:6:   grunt_lair_end_beastmaster, layout_regular_city, basic_altar
Spider:1: layout_spider_delve, worms_lemuel
Spider:2: layout_chambers, ebering_ghost_reflecting_pool,
          nicolae_spider_stair_cavern, uniq_aizul, uniq_frances
Spider:3: layout_spider_delve, drop_trap, spiders_nest_spider_trap
Spider:4: floodkiller_spider_rune_tomb
Orc:1:    layout_caves, special_room [special_room_orc], serial_shops,
          nicolae_shop_window_shopping
Orc:2:    st_orc_town, layout_diamond_mine, uniq_donald

Skill      XL: |  1  2  3  4  5  6  7  8  9 10 11 12 13 14 15 16 17 |
---------------+----------------------------------------------------+-----
Armour         | 4 5 6 8 9 10 11 12 13 14 | 14.7
Fighting       | 4 5 6 8 9 10 11 13 14 16 17 | 17.9
Shields        | 4 5 6 7 8 10 12 14 15 17 18 | 18.6
Dodging        | 1 2 3 4 5 6 8 10 11 12 13 | 13.7
Maces & Flails | 4 5 6 8 10 12 13 14 15 16 17 18 | 18.6
Stealth        | 1 2 4 5 |  5.8
Invocations    | 1 2 3 |  3.8
Throwing       | 1 |  1.7

Action                   |  1- 3 |  4- 6 |  7- 9 | 10-12 | 13-15 | 16-18 || total
-------------------------+-------+-------+-------+-------+-------+-------++-------
Melee: Flail             |    59 |       |       |       |       |       ||    59
       Headbutt          |    12 |    21 |    85 |   226 |   242 |   222 ||   808
       Whip              |    39 |   113 |   527 |   869 |       |       ||  1548
       Demon whip        |       |       |       |    44 |   961 |  1062 ||  2067
Throw: Dart              |     3 |       |       |     1 |       |     4 ||     8
Invok: Heroism           |       |       |     2 |    12 |    20 |    17 ||    51
Evoke: Wand              |       |       |       |       |     3 |       ||     3
  Use: Potion            |     1 |       |     2 |     4 |       |     2 ||     9
       Scroll            |       |     3 |     9 |     9 |     8 |    10 ||    39
 Stab: Sleeping          |       |       |       |     1 |    11 |       ||    12
       Petrified         |       |       |       |       |     7 |       ||     7
       Distracted        |       |       |       |       |     2 |       ||     2
Armor: Scale mail        |    43 |    41 |   167 |   135 |       |       ||   386
       Ring mail         |       |       |       |   176 |   227 |       ||   403
       Plate armour      |       |       |       |       |    21 |   526 ||   547
Dodge: Dodged            |    38 |    51 |   191 |   372 |   558 |   675 ||  1885
Block: Buckler           |    28 |    23 |    81 |   178 |       |       ||   310
       Kite shield       |       |       |       |    36 |   590 |   806 ||  1432
